HSSL
EVANS HS KNIGHTS @ MAIZE HS
05/04/2030
 
TOP OF THE 1ST
Evans HS Knights batting - Pitching for Maize HS : RHP John Spencer
Pitching: RHP John Spencer
Batting: RHB Scott Wells 0-0: Ball
1-0: Swinging Strike
1-1: Ball
2-1: Ball
3-1: Called Strike
3-2: Base on Balls
Batting: RHB Bob McCormack 0-0: Called Strike
0-1: Ball
1-1: Swinging Strike
1-2: Fielders Choice at 2nd, 1-4 (Groundball, 15S)
Batting: LHB Thierry Dufresne 0-0: Ball
1-0: Ball
2-0: Called Strike
2-1: Called Strike
2-2: Strikes out swinging
Batting: RHB Deron Rolen 0-0: Ball
1-0: Foul Ball, location: 2F
1-1: Ball
2-1: Swinging Strike
2-2: Ball
3-2: Base on Balls
Bob McCormack to second
Batting: LHB Pedro González 0-0: Ball
1-0: Ball
2-0: Ball
3-0: Called Strike
3-1: Foul Ball, location: 2F
3-2: Strikes out swinging
Top of the 1st over - 0 runs, 0 hits, 0 errors, 2 left on base; Evans HS 0 - Maize HS 0
BOTTOM OF THE 1ST
Maize HS batting - Pitching for Evans HS Knights : RHP Chris Davis
Pitching: RHP Chris Davis
Batting: LHB Terry Manning 0-0: Ball
1-0: Ball
2-0: Ball
3-0: Called Strike
3-1: Called Strike
3-2: Ground out U3 (Groundball, 3S)
Batting: RHB Ángelo Cortéz 0-0: Ball
1-0: Called Strike
1-1: Ball
2-1: Ball
3-1: Base on Balls
Batting: SHB Richard Hodges 0-0: Ball
1-0: Ball
Wild Pitch!
Ángelo Cortéz to second
2-0: Foul Ball, location: 2F
2-1: Swinging Strike
2-2: SINGLE (Groundball, 6S) (infield hit)
Ángelo Cortéz to third
Batting: LHB Matthis Michaud 0-0: Called Strike
0-1: Ball
1-1: Foul Ball, location: 2F
1-2: Ball
Richard Hodges steals 2nd base
2-2: Reached on error, E2 (Groundball, 2L)
Ángelo Cortéz scores
Richard Hodges scores
Batting: RHB Dennis Brooks 0-0: Ball
1-0: Ball
2-0: Ball
3-0: Called Strike
3-1: Base on Balls
Batting: RHB David Cox 0-0: Ball
1-0: Ball
2-0: Ball
3-0: Base on Balls
Matthis Michaud to third
Dennis Brooks to second
Batting: RHB José Ramírez 0-0: Called Strike
0-1: Foul Ball, location: 2F
0-2: Ball
1-2: Ball
2-2: Foul Ball, location: 2F
2-2: Foul Ball, location: 2F
2-2: Strikes out swinging
Batting: RHB Calvin Storey 0-0: Foul Ball, location: 2F
0-1: SINGLE (Line Drive, 7LM)
Matthis Michaud scores
Dennis Brooks to third
David Cox to second
Runner from 3rd tries for Home, SAFE, no throw
Batting: SHB Adrian Turner 0-0: Foul Ball, location: 2F
0-1: Ball
1-1: Swinging Strike
1-2: Strikes out swinging
Bottom of the 1st over - 4 runs, 2 hits, 1 error, 2 left on base; Evans HS 0 - Maize HS 4
TOP OF THE 2ND
Evans HS Knights batting - Pitching for Maize HS : RHP John Spencer
Batting: RHB Tom Proctor 0-0: Called Strike
0-1: Ball
1-1: Ball
2-1: Foul Ball, location: 2F
2-2: Strikes out looking
Batting: RHB Alex Badger 0-0: Ball
1-0: Ball
2-0: Called Strike
2-1: Ball
3-1: Base on Balls
Batting: SHB Powell Phillips 0-0: Swinging Strike
0-1: Foul Ball, location: 2F
0-2: Strikes out swinging
Batting: RHB Dominic Veillette 0-0: Foul Ball, location: 2F
0-1: Called Strike
0-2: Ball
1-2: Strikes out swinging
Top of the 2nd over - 0 runs, 0 hits, 0 errors, 1 left on base; Evans HS 0 - Maize HS 4
BOTTOM OF THE 2ND
Maize HS batting - Pitching for Evans HS Knights : RHP Chris Davis
Batting: LHB Terry Manning 0-0: Ball
1-0: Ball
2-0: Ball
3-0: Called Strike
3-1: Foul Ball, location: 2F
3-2: Foul Ball, location: 2F
3-2: SINGLE (Groundball, 4M) (infield hit)
Batting: RHB Ángelo Cortéz 0-0: Fly out, F9 (Flyball, 9D)
Batting: SHB Richard Hodges 0-0: Ball
Terry Manning steals 2nd base
1-0: Ball
2-0: Ball
3-0: Called Strike
3-1: Base on Balls
Pitching: LHP Jim Hayes
Batting: LHB Matthis Michaud 0-0: Foul Ball, location: 2F
0-1: Foul Ball, location: 2F
0-2: Foul Ball, location: 2F
0-2: Ball
1-2: Fielders Choice at 2nd, 6-4 (Groundball, 6)
Terry Manning to third
Batting: RHB Dennis Brooks 0-0: Called Strike
0-1: Ball
1-1: Ball
2-1: Ground out 5-3 (Groundball, 56)
Bottom of the 2nd over - 0 runs, 1 hit, 0 errors, 2 left on base; Evans HS 0 - Maize HS 4
TOP OF THE 3RD
Evans HS Knights batting - Pitching for Maize HS : RHP John Spencer
Batting: RHB Scott Wells 0-0: Ball
1-0: Foul Ball, location: 2F
1-1: Ball
2-1: Fly out, F4 (Line Drive, 4)
Batting: RHB Bob McCormack 0-0: Ball
1-0: Ground out 4-3 (Groundball, 4M)
Batting: LHB Thierry Dufresne 0-0: Called Strike
0-1: Ball
1-1: Ball
2-1: SINGLE (Groundball, 3D)
Batting: RHB Deron Rolen 0-0: SINGLE (Groundball, 4MD)
Thierry Dufresne to second
Batting: LHB Pedro González 0-0: Ball
1-0: Called Strike
1-1: Foul Ball, location: 2F
1-2: Strikes out swinging
Top of the 3rd over - 0 runs, 2 hits, 0 errors, 2 left on base; Evans HS 0 - Maize HS 4
BOTTOM OF THE 3RD
Maize HS batting - Pitching for Evans HS Knights : LHP Jim Hayes
Batting: RHB David Cox 0-0: Ball
1-0: Ball
2-0: Foul Ball, location: 2F
2-1: Ground out 3-1 (Groundball, 34)
Batting: RHB José Ramírez 0-0: Swinging Strike
0-1: Ball
1-1: Called Strike
1-2: Strikes out swinging
Batting: RHB Calvin Storey 0-0: Called Strike
0-1: Foul Ball, location: 2F
0-2: Strikes out swinging
Bottom of the 3rd over - 0 runs, 0 hits, 0 errors, 0 left on base; Evans HS 0 - Maize HS 4
TOP OF THE 4TH
Evans HS Knights batting - Pitching for Maize HS : RHP John Spencer
Batting: RHB Tom Proctor 0-0: Ball
1-0: Ball
2-0: Called Strike
2-1: Ground out 6-3 (Groundball, 6)
Batting: RHB Alex Badger 0-0: Called Strike
0-1: Foul Ball, location: 2F
0-2: Strikes out looking
Batting: SHB Powell Phillips 0-0: Ball
1-0: Foul Ball, location: 2F
1-1: Called Strike
1-2: Foul Ball, location: 2F
1-2: Strikes out swinging
Top of the 4th over - 0 runs, 0 hits, 0 errors, 0 left on base; Evans HS 0 - Maize HS 4
BOTTOM OF THE 4TH
Maize HS batting - Pitching for Evans HS Knights : LHP Jim Hayes
Batting: SHB Adrian Turner 0-0: Called Strike
0-1: Swinging Strike
0-2: Strikes out looking
Batting: LHB Terry Manning 0-0: Called Strike
0-1: Ground out 6-3 (Groundball, 6S)
Batting: RHB Ángelo Cortéz 0-0: Fly out, F9 (Flyball, 9D)
Bottom of the 4th over - 0 runs, 0 hits, 0 errors, 0 left on base; Evans HS 0 - Maize HS 4
TOP OF THE 5TH
Evans HS Knights batting - Pitching for Maize HS : RHP John Spencer
Batting: RHB Dominic Veillette 0-0: Called Strike
0-1: SINGLE (Flyball, 8RS)
Batting: RHB Scott Wells 0-0: Called Strike
0-1: Ball
1-1: Ball
2-1: Ball
3-1: SINGLE (Line Drive, 7S)
Dominic Veillette to second
Pitching: LHP Javier Corona
Batting: RHB Bob McCormack 0-0: Called Strike
0-1: Ball
1-1: Ball
2-1: Ball
3-1: Base on Balls
Dominic Veillette to third
Scott Wells to second
Batting: LHB Thierry Dufresne 0-0: Ball
1-0: Fly out, F7 (Flyball, 7S)
Batting: RHB Deron Rolen 0-0: Ball
1-0: Swinging Strike
1-1: Foul Ball, location: 2F
1-2: SINGLE (Flyball, 8RS)
Dominic Veillette scores
Scott Wells to third
Bob McCormack to second
Batting: LHB Pedro González 0-0: Ball
1-0: Ball
2-0: Ball
3-0: Base on Balls
Scott Wells scores
Bob McCormack to third
Deron Rolen to second
Batting: RHB Tom Proctor 0-0: Called Strike
0-1: Fly out, F8 (Flyball, 8LS)
Runner from 3rd tags up, SCORES, no throw
Batting: RHB Alex Badger 0-0: Ball
1-0: Ball
2-0: Called Strike
2-1: Fielders Choice at 2nd, 5-4 (Groundball, 56)
Top of the 5th over - 3 runs, 3 hits, 0 errors, 2 left on base; Evans HS 3 - Maize HS 4
BOTTOM OF THE 5TH
Maize HS batting - Pitching for Evans HS Knights : LHP Jim Hayes
Batting: SHB Richard Hodges 0-0: Ball
1-0: Called Strike
1-1: Swinging Strike
Error on foul ball, E9
1-2: Foul Ball, location: 2F
1-2: Foul Ball, location: 2F
1-2: Ball
2-2: Ball
3-2: Foul Ball, location: 2F
3-2: Base on Balls
Batting: LHB Matthis Michaud 0-0: Ball
1-0: Ball
2-0: Foul Ball, location: 2F
2-1: Fly out, F7 (Flyball, 7D)
Batting: RHB Dennis Brooks 0-0: Foul Ball, location: 2F
0-1: Called Strike
0-2: Ball
1-2: Ball
2-2: Fly out, F7 (Flyball, 7)
Batting: RHB David Cox 0-0: Ball
1-0: Ball
2-0: Ball
3-0: Called Strike
3-1: Base on Balls
Richard Hodges to second
Batting: RHB José Ramírez 0-0: Called Strike
0-1: Swinging Strike
0-2: Strikes out looking
Bottom of the 5th over - 0 runs, 0 hits, 1 error, 2 left on base; Evans HS 3 - Maize HS 4
TOP OF THE 6TH
Evans HS Knights batting - Pitching for Maize HS : LHP Javier Corona
Batting: SHB Powell Phillips 0-0: Foul Ball, location: 2F
0-1: Ball
1-1: Hit by Pitch
Batting: RHB Dominic Veillette 0-0: Ball
1-0: DOUBLE (Line Drive, 9LM)
Powell Phillips to third
Batting: RHB Scott Wells 0-0: Ball
1-0: Foul Ball, location: 2F
1-1: Fly out, F7 (Flyball, 78D)
Runner from 3rd tags up, SCORES, throw made
Batting: RHB Bob McCormack 0-0: Ball
1-0: Ball
2-0: Called Strike
2-1: Foul Ball, location: 2F
2-2: Foul Ball, location: 2F
2-2: Ground out 6-3 (Groundball, 6MS)
Dominic Veillette to third
Batting: LHB Thierry Dufresne 0-0: Called Strike
0-1: Foul Ball, location: 2F
0-2: Fly out, F9 (Flyball, 9)
Top of the 6th over - 1 run, 1 hit, 0 errors, 1 left on base; Evans HS 4 - Maize HS 4
BOTTOM OF THE 6TH
Maize HS batting - Pitching for Evans HS Knights : LHP Jim Hayes
Batting: RHB Calvin Storey 0-0: Ball
1-0: DOUBLE (Flyball, 78D)
Batting: SHB Adrian Turner 0-0: Foul Ball, location: 2F
0-1: Swinging Strike
0-2: Ball
1-2: Strikes out swinging
Batting: LHB Terry Manning 0-0: Intentional Walk
Batting: RHB Ángelo Cortéz 0-0: Ball
1-0: Ball
2-0: Ball
3-0: Called Strike
3-1: Called Strike
3-2: Fly out, F4 (Popup, 4)
Pitching: RHP Joe Sims
Batting: SHB Richard Hodges 0-0: Ball
1-0: Called Strike
1-1: Ball
2-1: Ball
3-1: Foul Ball, location: 2F
3-2: Base on Balls
Calvin Storey to third
Terry Manning to second
Batting: LHB Matthis Michaud 0-0: Ball
1-0: Foul Ball, location: 2F
1-1: Foul Ball, location: 2F
1-2: Foul Ball, location: 2F
1-2: DOUBLE (Line Drive, 7LS)
Calvin Storey scores
Terry Manning scores
Richard Hodges to third
Batting: RHB Dennis Brooks 0-0: Called Strike
0-1: Swinging Strike
0-2: Foul Ball, location: 2F
0-2: Foul Ball, location: 2F
0-2: Ball
1-2: Foul Ball, location: 2F
1-2: Ball
2-2: Ground out 4-3 (Groundball, 4)
Bottom of the 6th over - 2 runs, 2 hits, 0 errors, 2 left on base; Evans HS 4 - Maize HS 6
TOP OF THE 7TH
Evans HS Knights batting - Pitching for Maize HS : LHP Javier Corona
Batting: RHB Deron Rolen 0-0: Called Strike
0-1: Ball
1-1: Called Strike
1-2: Ball
2-2: Ball
3-2: Fly out, F7 (Flyball, 7S)
Batting: LHB Pedro González 0-0: Hit by Pitch
Batting: RHB Tom Proctor 0-0: Called Strike
0-1: Ball
1-1: Called Strike
1-2: Foul Ball, location: 2F
1-2: Ball
2-2: Foul Ball, location: 2F
2-2: Fly out, F9 (Flyball, 89XD)
Batting: RHB Alex Badger 0-0: Ball
1-0: Fielders Choice at 2nd, 6-4 (Groundball, 56D)
Top of the 7th over - 0 runs, 0 hits, 0 errors, 1 left on base; Evans HS 4 - Maize HS 6
BOTTOM OF THE 7TH
Maize HS batting - Pitching for Evans HS Knights : RHP Joe Sims
Batting: RHB David Cox 0-0: Called Strike
0-1: Ground out U3 (Groundball, 34)
Batting: RHB José Ramírez 0-0: Ball
1-0: Called Strike
1-1: Called Strike
1-2: Ball
2-2: Foul Ball, location: 2F
2-2: Ground out 5-3 (Groundball, 56)
Batting: RHB Calvin Storey 0-0: Ball
1-0: Ball
2-0: Ball
3-0: Called Strike
3-1: Foul Ball, location: 2F
3-2: SINGLE (Line Drive, 8RS)
Batting: SHB Adrian Turner 0-0: Foul Ball, location: 2F
0-1: Fly out, F9 (Flyball, 89S)
Bottom of the 7th over - 0 runs, 1 hit, 0 errors, 1 left on base; Evans HS 4 - Maize HS 6
TOP OF THE 8TH
Evans HS Knights batting - Pitching for Maize HS : LHP Javier Corona
Batting: SHB Powell Phillips 0-0: SINGLE (Groundball, 56) (infield hit)
Batting: RHB Dominic Veillette 0-0: Ball
1-0: Ball
2-0: Foul Ball, location: 2F
2-1: Ball
3-1: Called Strike
3-2: Base on Balls
Powell Phillips to second
Pitching: RHP Alejandro Hernández
Batting: RHB Scott Wells 0-0: Called Strike
0-1: Sac Bunt - play at first, batter OUT! 1-3
Powell Phillips to third
Dominic Veillette to second
Batting: RHB Bob McCormack 0-0: Hit by Pitch
Batting: LHB Thierry Dufresne 0-0: Ball
1-0: SINGLE (Line Drive, 9LS)
Powell Phillips scores
Dominic Veillette to third
Bob McCormack to second
Throwing error, E9
Dominic Veillette scores
Bob McCormack to third
Thierry Dufresne to second
Batting: RHB Deron Rolen 0-0: SINGLE (Line Drive, 4D)
Bob McCormack scores
Thierry Dufresne to third
Runner from 3rd tries for Home, SAFE, no throw
Batting: LHB Pedro González 0-0: Ball
1-0: Ball
2-0: Ball
3-0: Called Strike
3-1: Grounds into double play, 6-4-3 (Groundball, 6)
Top of the 8th over - 4 runs, 3 hits, 1 error, 0 left on base; Evans HS 8 - Maize HS 6
BOTTOM OF THE 8TH
Maize HS batting - Pitching for Evans HS Knights : RHP Joe Sims
Batting: LHB Terry Manning 0-0: Ball
1-0: SINGLE (Line Drive, 9S)
Batting: RHB Ángelo Cortéz 0-0: Called Strike
0-1: Ball
1-1: Foul Ball, location: 2F
1-2: Ball
2-2: Foul Ball, location: 2F
2-2: Fielders Choice at 2nd, 1-4 (Groundball, 15)
Batting: SHB Richard Hodges 0-0: Called Strike
0-1: Ball
1-1: SINGLE (Groundball, 6) (infield hit)
Ángelo Cortéz to second
Batting: LHB Matthis Michaud 0-0: Ball
1-0: Ball
2-0: Called Strike
2-1: Called Strike
2-2: Strikes out swinging
Batting: RHB Dennis Brooks 0-0: Called Strike
0-1: Fly out, F7 (Flyball, 78D)
Bottom of the 8th over - 0 runs, 2 hits, 0 errors, 2 left on base; Evans HS 8 - Maize HS 6
TOP OF THE 9TH
Evans HS Knights batting - Pitching for Maize HS : RHP Alejandro Hernández
Batting: RHB Tom Proctor 0-0: Ball
1-0: Ball
2-0: Foul Ball, location: 2F
2-1: Foul Ball, location: 2F
2-2: Strikes out swinging
Batting: RHB Alex Badger 0-0: Called Strike
0-1: Called Strike
0-2: DOUBLE (Flyball, 8RD)
Batting: SHB Powell Phillips 0-0: Called Strike
0-1: Swinging Strike
0-2: Ball
1-2: Ball
2-2: Ball
3-2: Strikes out looking
Batting: RHB Dominic Veillette 0-0: Called Strike
0-1: Ball
1-1: Fly out, F8 (Flyball, 8LD)
Top of the 9th over - 0 runs, 1 hit, 0 errors, 1 left on base; Evans HS 8 - Maize HS 6
BOTTOM OF THE 9TH
Maize HS batting - Pitching for Evans HS Knights : RHP Joe Sims
Pitching: RHP Curtis Clark
Batting: RHB David Cox 0-0: Called Strike
0-1: Ball
1-1: Ball
2-1: Ground out 4-3 (Groundball, 4)
Batting: RHB José Ramírez 0-0: Called Strike
0-1: Ball
1-1: Swinging Strike
1-2: Foul Ball, location: 2F
1-2: Ball
2-2: Ball
3-2: Foul Ball, location: 2F
3-2: Foul Ball, location: 2F
3-2: Base on Balls
Batting: RHB Calvin Storey 0-0: Called Strike
0-1: Swinging Strike
0-2: SINGLE (Groundball, 6MD)
José Ramírez to second
Batting: SHB Adrian Turner 0-0: Foul Ball, location: 2F
0-1: Ball
1-1: Ball
2-1: Fly out, F8 (Flyball, 8LD)
Batting: LHB Terry Manning 0-0: Called Strike
0-1: Foul Ball, location: 2F
0-2: Ground out 3-1 (Groundball, 34S)
Bottom of the 9th over - 0 runs, 1 hit, 0 errors, 2 left on base; Evans HS 8 - Maize HS 6
Saturday, April 7th, 2018 - OOTP Baseball 18.8 Build 76